Map: 锈化山巅-天梯版

Players

CoffeeMs (Coffee) - Winner!

  • Race: Terran Terran
  • League: Master

iGMacSed (MacSed)

  • Race: Protoss Protoss
  • League: Grandmaster

Event: DreamHack SC2 Masters 2021 Fall

VOD

Have the link to the VOD?

Description

Time

  • Played on: Aug. 7, 2021, 7:14 a.m.
  • Length: 11:22

All games in this series

Show
View Real Time Build Order
Export as new Build Order

CoffeeMs Terran - Winner!

Build Orders:  

Get SALT Encoding   

  12  0:00  SCV  
  13  0:12  SCV  
  14  0:17  Supply Depot  
  14  0:24  SCV  
  15  0:39  SCV, Barracks  
  15  0:42  Refinery  
  16  0:51  SCV  
  17  1:03  SCV  
  18  1:15  SCV  
  19  1:26  Marine  
  19  1:28  Orbital Command  
  20  1:43  Command Center  
  20  1:47  Barracks Reactor  
  20  1:53  SCV  
  21  1:59  Supply Depot  
  21  2:05  SCV  
  22  2:11  Factory  
  22  2:18  SCV  
  23  2:23  Marine x2  
  23  2:26  Refinery  
  25  2:30  SCV  
  26  2:41  Marine x2  
  26  2:42  SCV  
  29  2:54  SCV, Orbital Command  
  29  2:56  Starport  
  30  3:07  Hellion x2  
  34  3:17  SCV  
  34  3:20  Supply Depot  
  34  3:21  SCV  
  35  3:29  SCV, Widow Mine x2  
  35  3:33  Medivac  
  42  3:34  SCV  
  43  3:41  SCV  
  44  3:49  Barracks Tech Lab  
  44  3:50  Widow Mine x2  
  48  3:56  SCV x2  
  46  4:10  Viking  
  46  4:24  Marine x2  
  46  4:25  Cyclone  
  46  4:28  SCV, Bunker  
  44  4:33  SCV  
  44  4:36  Refinery  
  44  4:37  Engineering Bay  
  44  4:38  Refinery  
  45  4:39  Supply Depot  
  45  4:40  SCV  
  45  4:42  Marine x2  
  45  4:58  Viking  
  45  5:00  Marine x2  
  45  5:04  SCV x2  
  39  5:16  SCV  
  39  5:17  SCV  
  39  5:19  Marine x2  
  39  5:35  Viking  
  38  5:36  SCV  
  38  5:37  Marine x2  
  38  5:42  Widow Mine  
  43  5:47  SCV  
  44  5:54  Marine  
  44  5:55  Marine  
  46  6:07  SCV  
  46  6:08  SCV  
  46  6:12  Marine x2  
  46  6:15  Factory Tech Lab  
  46  6:16  Viking  
  50  6:20  SCV x2  
  50  6:30  Marine x2  
  50  6:32  SCV x2  
  54  6:39  Barracks  
  54  6:44  Cyclone  
  54  6:45  SCV x2  
  59  6:48  Marine x2  
  59  6:50  Starport Tech Lab  
  61  6:54  Supply Depot x2  
  61  6:57  Missile Turret  
  61  6:59  SCV  
  62  7:13  Marine, SCV  
  62  7:15  Marine  
  62  7:16  SCV  
  62  7:19  Barracks  
  62  7:22  Starport Reactor  
  60  7:25  SCV  
  60  7:28  Siege Tank  
  64  7:30  Marine, SCV  
  64  7:32  Marine, Stimpack  
  64  7:33  Marine  
  68  7:37  SCV  
  68  7:42  SCV, Terran Infantry Weapons Level 1  
  69  7:48  Marine  
  69  7:49  SCV  
  69  7:50  Marine  
  72  7:51  Marine  
  72  7:54  SCV  
  72  7:57  Supply Depot  
  73  7:59  Supply Depot  
  73  8:02  Medivac x2  
  73  8:04  SCV  
  78  8:09  Supply Depot  
  78  8:11  Factory Reactor  
  78  8:18  SCV, Marauder  
  81  8:23  Supply Depot, Bunker  
  81  8:24  Marine x2  
  82  8:28  SCV  
  82  8:30  SCV  
  82  8:37  Supply Depot  
  82  8:40  Marauder  
  84  8:42  Marine x2, Medivac x2  
  84  8:43  SCV x2  
  92  8:54  Widow Mine x2  
  97  9:00  Marauder  
  97  9:01  Combat Shield  
  97  9:02  Command Center  
  97  9:10  Marine x2  
  97  9:16  Marauder  
  100  9:21  Marauder  
  100  9:24  Widow Mine x2  
  106  9:29  Medivac x2  
  106  9:30  Marine x2  
  111  9:38  Marauder  
  109  9:43  Marauder  
  111  9:48  Barracks  
  111  9:50  Barracks  
  111  10:08  Marine x2, Marauder x2  
  115  10:25  Viking  
  112  10:32  Marauder  
  112  10:33  SCV  
  107  10:40  Marauder  
  103  10:46  Marine  
  103  10:47  Marine, Widow Mine  
  103  10:48  Widow Mine  
  106  10:53  Marauder  
Show
View Real Time Build Order
Export as new Build Order

iGMacSed Protoss 

Build Orders: 1 Gate Expand 

Get SALT Encoding   

  12  0:00  Probe  
  13  0:12  Probe  
  14  0:17  Pylon  
  14  0:24  Probe (Chrono Boost)  
  15  0:36  Probe (Chrono Boost)  
  15  0:37  Gateway  
  16  0:44  Probe (Chrono Boost)  
  16  0:46  Assimilator  
  17  0:50  Probe  
  18  1:03  Probe  
  19  1:15  Probe  
  20  1:25  Cybernetics Core  
  20  1:32  Nexus  
  20  1:39  Pylon  
  20  1:42  Probe  
  21  1:47  Assimilator  
  21  1:54  Probe  
  21  1:59  Adept (Chrono Boost)  
  22  2:05  Pylon  
  22  2:08  Probe  
  25  2:19  Adept (Chrono Boost)  
  25  2:20  Probe  
  28  2:28  Stargate  
  28  2:34  Warp Gate, Probe  
  29  2:44  Adept  
  29  2:46  Probe  
  32  2:52  Probe  
  32  2:58  Probe  
  34  3:04  Probe  
  34  3:05  Void Ray (Chrono Boost)  
  35  3:10  Probe  
  36  3:16  Probe  
  39  3:26  Gateway  
  40  3:29  Gateway  
  40  3:31  Shield Battery  
  39  3:38  Gateway, Void Ray (Chrono Boost)  
  42  3:53  Probe x2  
  42  4:05  Void Ray (Chrono Boost), Probe  
  42  4:06  Probe  
  38  4:19  Probe  
  38  4:22  Stalker x2  
  33  4:35  Probe  
  34  4:41  Probe  
  35  4:47  Probe  
  36  4:59  Zealot  
  32  5:05  Probe  
  33  5:13  Probe  
  34  5:23  Probe  
  34  5:28  Probe  
  33  5:35  Probe  
  33  5:40  Probe  
  34  5:43  Stalker  
  34  5:47  Probe  
  34  5:48  Stalker  
  39  5:52  Probe  
  36  6:08  Probe (Chrono Boost)  
  33  6:12  Probe (Chrono Boost)  
  30  6:19  Phoenix (Chrono Boost)  
  30  6:20  Probe (Chrono Boost)  
  30  6:24  Probe (Chrono Boost)  
  34  6:28  Probe (Chrono Boost)  
  34  6:29  Probe (Chrono Boost)  
  36  6:34  Probe  
  36  6:35  Phoenix (Chrono Boost)  
  36  6:38  Probe  
  40  6:46  Probe  
  41  6:49  Pylon  
  41  6:50  Probe  
  42  6:54  Phoenix (Chrono Boost)  
  42  6:58  Probe  
  45  7:02  Stalker, Probe  
  45  7:04  Zealot  
  50  7:11  Probe  
  49  7:17  Probe  
  49  7:22  Assimilator  
  50  7:23  Assimilator, Probe  
  50  7:29  Probe  
  52  7:35  Probe (Chrono Boost)  
  53  7:37  Robotics Facility  
  54  7:45  Probe (Chrono Boost)  
  54  7:47  Probe (Chrono Boost)  
  55  7:52  Phoenix (Chrono Boost)  
  55  7:54  Probe (Chrono Boost)  
  55  7:56  Probe (Chrono Boost)  
  59  7:58  Zealot  
  59  8:01  Probe  
  59  8:02  Pylon  
  59  8:04  Pylon  
  62  8:11  Pylon  
  62  8:20  Probe x2  
  62  8:24  Immortal (Chrono Boost)  
  68  8:31  Robotics Bay  
  68  8:32  Forge, Sentry, Zealot  
  72  8:35  Zealot  
  72  8:40  Pylon  
  74  8:55  Phoenix (Chrono Boost)  
  74  8:56  Observer  
  74  8:57  Pylon  
  77  9:03  Probe  
  77  9:04  Probe  
  77  9:05  Protoss Ground Weapons Level 1  
  79  9:16  Nexus  
  79  9:17  Colossus (Chrono Boost)  
  79  9:18  Phoenix  
  87  9:25  Pylon  
  87  9:32  Stalker x2  
  91  9:41  Pylon  
  91  9:42  Pylon  
  91  9:52  Pylon, Sentry  
  92  9:57  Gateway  
  92  9:58  Colossus (Chrono Boost)  
  92  9:59  Gateway  
  91  10:01  Gateway  
  97  10:11  Shield Battery  
  97  10:12  Stalker x2  
  101  10:21  Zealot  
  101  10:28  Twilight Council  
  95  10:30  Phoenix  
  81  10:37  Stalker x2  

Tags
 
Add a new tag
Caveats
  • Supply blocks, unpowered buildings, or Contaminate may cause inaccurate times.
  • Supply counts are checked every 10 seconds.